General information
- name: BNet
- type: Ladder 1vs1/FFA
- host: Battle.net
- saver: DirtMcGirt
map: RoadToStratholme
- players: 2
- length: 22:10
- speed: Fast
- version: 1.22 W3XP
- replay type: Public
» download(77 KB)
Players
team 1 (loser)
Fallecy (
teal | 62 APM | 1363 actions | 22:09)
3 Demon Hunter
2 Mana Burn
1 Evasion
2 Warden
1 Fan of Knives
1 Blink
» actions
| Assign group hotkey | 18 | |
| Basic commands | 1 | |
| Build / train | 58 | |
| Enter build submenu | 15 | |
| Enter hero's abilities submenu | 5 | |
| Right click | 697 | |
| Select / deselect | 426 | |
| Select group hotkey | 84 | |
| Use ability | 59 | |
1363 total
» units
| Wisp | 12 | |
| Huntress | 9 | |
| Dryad | 9 | |
| Druid of the Claw | 9 | |
| Hippogryph | 5 | |
44 total
» upgrades
| Strength of the Wild | 1 | |
| Druid of the Claw Training | 2 | |
| Mark of the Claw | 1 | |
| Reinforced Hides | 1 | |
5 total
» buildings
| Altar of Elders | 1 | |
| Moon Well | 6 | |
| Hunter's Hall | 1 | |
| Ancient of War | 1 | |
| Tree of Ages | 1 | |
| Ancient of Lore | 2 | |
| Tree of Eternity | 1 | |
| Ancient of Wind | 1 | |
14 total
» build order
00:05 Altar of Elders
00:07 Moon Well
01:37 Hunter's Hall
01:42 Ancient of War
01:59 Moon Well
03:39 Moon Well
03:51 Tree of Ages
04:56 Moon Well
06:13 Ancient of Lore
08:10 Tree of Eternity
09:26 Ancient of Lore
09:35 Moon Well
17:32 Ancient of Wind
18:33 Moon Well
team 2 (winner)

»
DirtMcGirt (
yellow | 116 APM | 2577 actions | 22:10)
5 Blademaster
3 Wind Walk
2 Critical Strike
4 Shadow Hunter
2 Hex
2 Healing Wave
» actions
| Assign group hotkey | 25 | |
| Build / train | 72 | |
| ESC pressed | 1 | |
| Enter build submenu | 12 | |
| Enter hero's abilities submenu | 9 | |
| Give item / drop item | 2 | |
| Remove unit from queue | 3 | |
| Right click | 1211 | |
| Select / deselect | 808 | |
| Select group hotkey | 342 | |
| Use ability | 92 | |
2577 total
» units
| Peon | 6 | |
| Grunt | 9 | |
| Demolisher | 2 | |
| Raider | 2 | |
| Wind Rider | 5 | |
| Troll Batrider | 2 | |
26 total
» upgrades
| Berserker Strength | 1 | |
| Ensnare | 1 | |
| Burning Oil | 1 | |
| Pillage | 1 | |
| Armor | 1 | |
| Ranged Weapons | 1 | |
6 total
» buildings
| Altar of Storms | 1 | |
| Orc Burrow | 4 | |
| Barracks | 1 | |
| Voodoo Lounge | 1 | |
| Stronghold | 1 | |
| War Mill | 1 | |
| Fortress | 1 | |
| Beastiary | 2 | |
| Great Hall | 2 | |
14 total
» build order
00:06 Altar of Storms
00:12 Orc Burrow
00:31 Barracks
01:36 Orc Burrow
02:26 Voodoo Lounge
03:18 Stronghold
03:36 Orc Burrow
04:11 War Mill
08:21 Fortress
09:38 Beastiary
09:43 Orc Burrow
17:38 Beastiary
19:16 Great Hall
19:20 Great Hall
» items
| Healing Salve | 6 | |
| Lesser Clarity Potion | 7 | |
| Scroll of Town Portal | 3 | |
| Potion of Mana | 3 | |
| Potion of Healing | 4 | |
| Scroll of Speed | 1 | |
24 total
Chat log
(00:15 / All) DirtMcGirt: whats fallecy mean?
(00:23 / All) Fallecy: A fallecy is a lie
(00:27 / All) Fallecy: and gl hf
(00:32 / All) DirtMcGirt: gl hf
(00:55 / All) Fallecy: Im soo mad i cant even belive it
(00:58 / All) Fallecy: 2day
(01:01 / All) DirtMcGirt: y?
(01:05 / All) Fallecy: I played
(01:18 / All) DirtMcGirt: u got dc?
(01:19 / All) Fallecy: a 1 hour game was heading to there base to pwn them
(01:21 / All) Fallecy: they had no expo
(01:23 / All) Fallecy: i had 1
(01:26 / All) Fallecy: they had no army
(01:27 / All) Fallecy: no gold
(01:28 / All) Fallecy: and then
(01:31 / All) Fallecy: I disconnect
(01:39 / All) DirtMcGirt: shitty :(
(01:44 / All) Fallecy: mhmmm
(01:57 / All) DirtMcGirt: first game today
(02:09 / All) Fallecy: gl with it
(02:14 / All) DirtMcGirt: ty u2 :)
(03:00 / All) Fallecy: lol
(07:54 / All) Fallecy: wOW
(07:59 / All) Fallecy: Lag stoped me from making my dh run
(08:02 / All) Fallecy: i kid u ot
(08:03 / All) Fallecy: not
(08:09 / All) DirtMcGirt: ya shit happens :(
(08:14 / All) Fallecy: ALL THE TIME
(08:18 / All) Fallecy: I have dial up
(08:26 / All) Fallecy: its almost impossible to be good
(11:07 / All) Fallecy: ur fucking hero
(11:10 / All) Fallecy: just BARLEY got away